 Dungeon Crawl Stone Soup version 0.29-a0-340-g6efceafd81 (webtiles) character file.

Game seed: 12370186669209844968

10439 enile the Thaumaturge (level 11, -3/76 HPs)
             Began as a Djinni Wanderer on Apr 20, 2022.
             Was an Initiate of Gozag.
             Slain by a wight
             ... wielding a +0 halberd
              (7 damage)
             ... while petrified by a basilisk
             ... on level 10 of the Dungeon.
             The game lasted 00:26:04 (16843 turns).

enile the Thaumaturge (Djinni Wanderer)            Turns: 16843, Time: 00:26:05

Health: -3/76      AC:  6    Str: 12    XL:     11   Next: 93%
Gold:   589        EV:  2    Int: 16    God:    Gozag SH:  0 Dex: 16

rFire   + + +      SeeInvis .   m - +6 short sword (vamp)
rCold   x x .      Faith    .   c - +0 buckler
rNeg    + + +      Spirit   .   u - +0 scale mail of Dishonour {Int+2}
rPois   ∞          Reflect  .   (no helmet)
rElec   .          Harm     .   (no cloak)
rCorr   .          Rampage  .   (no gloves)
Will    +....                   (boots unavailable)
Stlth   ..........              o - amulet of the acrobat
HPRegen 0.22/turn               n - ring of fire
MPRegen 0.00/turn               t - ring of wizardry

@: petrified, flying
A: sickness immunity, fire resistance 2, cold vulnerability 1, float, innate
caster, HP casting, extra vitality 1
a: Renounce Religion, Potion Petition, Call Merchant, Bribe Branch


You were on level 10 of the Dungeon.
You worshipped Gozag.
Gozag was pleased with you.
You visited 1 branch of the dungeon, and saw 10 of its levels.
You also visited: Sewer and Ossuary.

You collected 2310 gold pieces.
You spent 171 gold pieces at shops.
You paid 1550 gold pieces to Gozag.

Inventory:

Hand Weapons
 a - a +2 hand axe
 b - a +0 short sword
 m - a +6 vampiric short sword (weapon)
 G - a +0 arbalest
Armour
 c - a +0 buckler (worn)
 e - a +0 leather armour
 u - the +0 scale mail of Dishonour (worn) {Int+2}
   (You bought it in a shop on level 1 of the Dungeon)

   Int:       It affects your intelligence (+2).
Magical Staves
 q - a staff of earth
Jewellery
 n - a ring of fire (left hand)
 o - an amulet of the acrobat (around neck)
 t - a ring of wizardry (right hand)
 v - a ring of protection from fire
 y - a ring of wizardry
 A - a ring of positive energy
 L - a +6 ring of dexterity
 Q - a ring of fire
Wands
 i - a wand of charming (3)
 r - a wand of polymorph (9)
 s - a wand of flame (24)
 P - a wand of iceblast (7)
Scrolls
 f - 4 scrolls of enchant armour
 g - 2 scrolls of noise
 h - a scroll of amnesia
 j - a scroll of magic mapping
 p - 3 scrolls of immolation
 x - a scroll of fog
 B - a scroll of blinking
 C - a scroll of identify
 D - a scroll of vulnerability {unknown}
 H - a scroll of torment
 J - 2 scrolls of holy word {unknown}
Potions
 d - 9 potions of curing
 k - 2 potions of brilliance
 l - 3 potions of lignification
 w - 4 potions of heal wounds {unknown}
 z - a potion of haste {unknown}
 E - 3 potions of magic {unknown}
 F - a potion of ambrosia
 I - 2 potions of mutation {unknown}
 K - a potion of attraction {unknown}
 N - a potion of degeneration {unknown}
 O - a potion of berserk rage {unknown}


   Skills:
 - Level 6.0 Fighting
 - Level 1.1 Short Blades
 - Level 3.3 Axes
 - Level 3.0 Armour
 - Level 6.0 Dodging
 - Level 2.0 Shields
 + Level 11.7 Spellcasting
 - Level 1.1 Invocations
 - Level 4.1 Evocations


You had 18 spell levels left.
You knew the following spells:

 Your Spells              Type           Power      Damage    Failure   Level
a - Lee's Rapid Deconstr  Erth           23%        3d14*     4%          5
b - Scorch                Fire           100%       2d10      1%          2
c - Inner Flame           Hex/Fire       63%        N/A       1%          3
d - Hailstorm             Conj/Ice       46%        3d11      1%          4
e - Shock                 Conj/Air       100%       1d9       1%          1
Your spell library was empty.

Dungeon Overview and Level Annotations

Branches:
Dungeon (10/15)            Temple (0/1) D:7            Lair (0/6) D:10
  Sewer (visited)         Ossuary (visited)
    Orc: D:9-12

Altars:
Dithmenos
Gozag
Okawaru

Shops:
D:1 [=


Innate Abilities, Weirdness & Mutations

You are immune to sickness and miasma.
You are immune to poison.
Your flesh is very heat resistant. (rF++)
You are vulnerable to cold. (rC-)
You float through the air rather than walking.
You learn spells naturally, not from books.
Your magical power is your life essence.
You have superior vitality. (+4 MHP)


Message History

Done exploring.
Done exploring.
Done exploring.
Done exploring.
(D) Dungeon (T) Temple (L) Lair
Where to? (Enter - D:10, ? - help)
There is a stone staircase leading down here.
Things that are here:
a +0 robe; a +2 falchion You fly downwards.
The basilisk gazes at you.
You are slowing down.
The wight hits you from afar with a +0 halberd!
There is a stone staircase leading up here.
The basilisk bites you! The wight barely misses you. The basilisk bites you!
The wight hits you from afar with a +0 halberd.
You have turned to stone.
The wight hits you from afar with a +0 halberd.
The basilisk bites you!
The wight hits you from afar with a +0 halberd!
The basilisk bites you.
The wight hits you from afar with a +0 halberd!
The basilisk gazes at you.
The wight hits you from afar with a +3 spear!
The wight barely misses you. The basilisk bites you.
The wight hits you from afar with a +3 spear.
The wight hits you from afar with a +0 halberd!
The basilisk bites you!
* * * LOW HITPOINT WARNING * * *
The wight hits you from afar with a +3 spear!
* * * LOW HITPOINT WARNING * * *
The wight hits you from afar with a +0 halberd.
* * * LOW HITPOINT WARNING * * *
The basilisk bites you!
* * * LOW HITPOINT WARNING * * *
The wight hits you from afar with a +3 spear!
* * * LOW HITPOINT WARNING * * *
The wight hits you from afar with a +0 halberd!
You die...
Your body crumbles into a pile of gold.

#....##.## ###........#
##.##........# ##
###.............# ##.
##..)............#
##...#................#
##....#..........##O#...
.................#.T.YY.
.......@...............Y
........l............#.Y
......zz.>..!........#.D
#...$...........>....###
...........?..........
.......................
..........:............
...............(....###.


You could see a basilisk and 2 wights.

Vanquished Creatures
  A hydra (D:9)
  2 two-headed ogres
  A skeletal warrior (D:9)
  A manticore (D:9)
  Maggie (D:7)
  A freezing wraith (D:9)
  4 trolls (D:9)
  A hornet (D:7)
  2 wyverns (D:9)
  12 yaks (D:9)
  A basilisk (D:9)
  A wraith (D:9)
  2 steam dragons
  An acid dragon (D:9)
  2 water moccasins
  3 orc warriors
  An ice beast (D:5)
  2 black bears
  4 sky beasts
  3 centaurs
  4 kobold brigands
  3 bullfrogs
  4 scorpions
  2 water moccasin zombies (Ossuary)
  2 gnoll sergeants
  An electric eel (D:9)
  A howler monkey (D:4)
  5 orc priests
  A gnoll shaman (D:7)
  A jelly (D:7)
  4 hounds
  4 iguanas
  7 orc wizards
  A hell rat (Sewer)
  2 mummies (Ossuary)
  15 gnolls
  5 adders
  6 river rats
  A white imp (D:6)
  5 adder zombies (Ossuary)
  3 worms (D:4)
  2 dart slugs
  27 orcs
  5 ball pythons
  12 bats
  10 endoplasms
  4 giant cockroaches
  5 gnoll zombies (Ossuary)
  9 hobgoblins
  6 jackals (D:5)
  2 quokkas (D:1)
  4 frilled lizards
  9 goblins
  5 hobgoblin zombies (Ossuary)
  20 kobolds
  5 kobold zombies (Ossuary)
  4 orc zombies (Ossuary)
  14 rats
  A bush (D:5)
267 creatures vanquished.

Vanquished Creatures (collateral kills)
  2 wights (D:9)
  An orc (D:2)
3 creatures vanquished.

Vanquished Creatures (others)
  10 plants (D:9)
10 creatures vanquished.

Grand Total: 280 creatures vanquished

Notes
Turn   | Place    | Note
-------+----------+-------------------------------------------
     0 | D:1      | enile the Djinni Wanderer began the quest for the Orb.
     0 | D:1      | Reached XP level 1. HP: 18/18 MP: 0/0
   236 | D:1      | Reached XP level 2. HP: 23/23 MP: 0/0
   423 | D:1      | Found Cuaggux's Antique Armour Boutique.
   431 | D:1      | Found Safau's One-of-a-Kind Rings.
   438 | D:1      | Reached skill level 1 in Spellcasting
   680 | D:1      | Found a faded altar of an unknown god.
   706 | D:1      | Reached XP level 3. HP: 15/28 MP: 0/0
   706 | D:1      | Learned a level 1 spell: Shock
   706 | D:1      | Prayed at the altar of an unknown god.
   706 | D:1      | Became a worshipper of Gozag Ym Sagoz the Greedy
  1277 | D:1      | You are sucked into a shaft and drop 1 floor!
  1862 | D:1      | Reached skill level 2 in Spellcasting
  2097 | D:2      | Reached XP level 4. HP: 25/33 MP: 0/0
  3222 | D:2      | Reached XP level 5. HP: 35/38 MP: 0/0
  3222 | D:2      | Learned a level 2 spell: Scorch
  3498 | D:3      | Reached skill level 3 in Spellcasting
  4095 | D:3      | Found an iron altar of Okawaru.
  4287 | D:1      | Bought a translucent scale mail for 171 gold pieces
  4287 | D:1      | Identified the +0 scale mail of Dishonour {Int+2} (You
                  | bought it in a shop on level 1 of the Dungeon)
  4412 | D:4      | Reached XP level 6. HP: 27/43 MP: 0/0
  4490 | D:4      | Reached skill level 4 in Spellcasting
  4863 | D:4      | Found a glowing drain.
  4867 | Sewer    | Entered a sewer
  5295 | D:4      | Noticed an ogre
  5862 | D:4      | Reached XP level 7. HP: 45/52 MP: 0/0
  5862 | D:4      | Learned a level 3 spell: Inner Flame
  6025 | D:4      | Reached skill level 1 in Evocations
  6182 | D:5      | Entered Level 5 of the Dungeon
  7266 | D:5      | Reached XP level 8. HP: 28/58 MP: 0/0
  7999 | D:6      | Reached skill level 5 in Spellcasting
  8171 | D:6      | Reached skill level 6 in Spellcasting
  8228 | D:6      | Reached XP level 9. HP: 38/62 MP: 0/0
  8228 | D:6      | Learned a level 4 spell: Hailstorm
  8526 | D:6      | Reached skill level 7 in Spellcasting
  9127 | D:6      | Noticed a boulder beetle
  9198 | D:7      | Found a staircase to the Ecumenical Temple.
  9822 | D:7      | Noticed a hornet
  9826 | D:7      | Killed a hornet
  9871 | D:7      | Reached skill level 8 in Spellcasting
 10142 | D:7      | Found a shadowy altar of Dithmenos.
 10490 | D:7      | Reached skill level 5 in Fighting
 10653 | D:7      | Noticed Maggie
 10659 | D:7      | Killed Maggie
 10660 | D:7      | Reached XP level 10. HP: 63/72 MP: 0/0
 11088 | D:8      | Reached skill level 5 in Dodging
 11143 | D:8      | Found a sand-covered staircase.
 11151 | Ossuary  | Entered an ossuary
 11599 | Ossuary  | Reached skill level 1 in Armour
 11915 | D:8      | Noticed a two-headed ogre
 11927 | D:8      | Killed a two-headed ogre
 12459 | D:9      | Reached skill level 9 in Spellcasting
 12859 | D:9      | Reached XP level 11. HP: 47/76 MP: 0/0
 12859 | D:9      | Learned a level 5 spell: Lee's Rapid Deconstruction
 13273 | D:9      | Noticed a five-headed hydra
 13276 | D:9      | Killed a five-headed hydra
 13277 | D:9      | Reached skill level 10 in Spellcasting
 13519 | D:9      | Noticed a manticore
 13531 | D:9      | Killed a manticore
 13642 | D:9      | Noticed a skeletal warrior
 13811 | D:10     | Entered Level 10 of the Dungeon
 13811 | D:10     | Noticed a two-headed ogre
 13811 | D:10     | Found a staircase to the Lair.
 13813 | D:10     | Noticed a two-headed ogre
 14795 | D:9      | Found an opulent altar of Gozag.
 15027 | D:9      | Reached skill level 11 in Spellcasting
 15976 | D:9      | Killed a skeletal warrior
 16159 | D:9      | Killed a two-headed ogre
 16843 | D:10     | Slain by a wight

Illustrated notes

Levels and vault maps discovered:
D:1:      dpeg_arrival_chambers_temple_mockup, layout_loops_ring,
          chequers_ecumenical_altar_island, serial_shops, nicolae_shop_crystal,
          nicolae_shop_unique_rings
D:2:      layout_loops_corners
D:3:      layout_rooms, okawaru_altar_gauntlet_db
D:4:      layout_rooms, lightli_sewer_entry_pipes
D:5:      layout_loops_ring, roderic_roman_lattice, cheibrodos_gnoll_hut
D:6:      layout_rooms
D:7:      layout_gridville, kennysheep_little_box,
          minmay_temple_entry_crystal_x, corexii_checkpoint_a,
          minmay_misc_feat_hallway, uniq_maggie
D:8:      layout_rooms, chequers_ossuary_entry_cave
D:9:      nzn_winding_woodlands_three_and_one
          [nzn_winding_woodlands_5x15_lazy_stream,
          nzn_winding_woodlands_5x15_river_crossing,
          nzn_winding_woodlands_5x15_pathside_ponds,
          nzn_winding_woodlands_center_triple_pond], layout_layer_cave,
          minmay_ruined_shrine
D:10:     layout_cave_pools, minitemple, lair_entry_dummy,
          kennysheep_generic_room_14

Skill      XL: |  1  2  3  4  5  6  7  8  9 10 11 |
---------------+----------------------------------+-----
Spellcasting   | 1 2 3 4 6 8 9 11 | 11.7
Fighting       | 4 6 |  6.0
Evocations     | 4 |  4.1
Dodging        | 2 6 |  6.0
Armour         | 3 |  3.0
Short Blades   | |  1.1
Axes           | |  3.3
Shields        | |  2.0
Invocations    | |  1.1

Action                   |  1- 3 |  4- 6 |  7- 9 | 10-12 || total
-------------------------+-------+-------+-------+-------++-------
Melee: Hand axe          |    49 |       |       |       ||    49
       Short sword       |       |    55 |    26 |    97 ||   178
Throw: Throwing net      |       |       |     1 |     2 ||     3
 Cast: Shock             |    44 |    45 |    38 |    18 ||   145
       Scorch            |       |    45 |    47 |    34 ||   126
       Inner Flame       |       |       |    53 |    41 ||    94
       Hailstorm         |       |       |     1 |       ||     1
       Lee's Rapid Decon |       |       |       |    43 ||    43
Invok: Potion Petition   |       |     1 |     1 |     1 ||     3
Evoke: Wand              |       |       |     2 |     1 ||     3
  Use: Scroll            |       |     7 |     1 |    13 ||    21
       Potion            |       |     4 |     1 |       ||     5
 Stab: Sleeping          |     2 |     1 |       |       ||     3
       Distracted        |       |       |       |     1 ||     1
Armor: Leather armour    |    15 |    21 |       |       ||    36
       Scale mail        |       |     3 |    12 |    34 ||    49
Dodge: Dodged            |    24 |    51 |    35 |    88 ||   198
Block: Buckler           |    15 |    18 |    13 |    28 ||    74

Table legend: (Time is in decaauts)
 A = Elapsed time spent in this place.
 B = Non-inter-level travel time spent in this place.
 C = Inter-level travel time spent in this place.
 D = Time resting spent in this place.
 E = Time spent auto-exploring this place.
 F = Levels seen in this place.
 G = Mean time per level.
                   A        B        C        D        E       F      G
               +--------+--------+--------+--------+--------+-----+--------+
         Total |  16831 |  16217 |    614 |   1890 |  12095 |  12 | 1402.6 |
       Dungeon |  15942 |  15328 |    614 |   1890 |  11331 |  10 | 1594.2 |
         Sewer |    283 |    283 |      0 |      0 |    240 |   1 |  283.0 |
       Ossuary |    604 |    604 |      0 |      0 |    524 |   1 |  604.0 |
               +--------+--------+--------+--------+--------+-----+--------+

Top non-repeatable levels by time:
     D:9: 3871 daAuts
     D:1: 1971 daAuts
     D:7: 1720 daAuts
     D:5: 1649 daAuts
     D:2: 1631 daAuts
     D:6: 1373 daAuts
     D:3: 1254 daAuts
     D:8: 1219 daAuts
     D:4: 1041 daAuts
 Ossuary: 604 daAuts
   Sewer: 283 daAuts
    D:10: 209 daAuts
